 Dungeon Crawl Stone Soup version 0.18-a0-1523-gbe15c29 (webtiles) character file.

23305 FrancescoMac the Protected (level 12, -7/115 HPs)
             Began as a Minotaur Berserker on Mar 7, 2016.
             Was a High Priest of Trog.
             Mangled by a slime creature (11 damage)
             ... on level 12 of the Dungeon.
             The game lasted 00:48:37 (15864 turns).

FrancescoMac the Protected (Minotaur Berserker)    Turns: 15864, Time: 00:48:37

Health: -7/115     AC: 13    Str: 24    XL:     12   Next: 70%
Magic:  3/3        EV: 14    Int:  4    God:    Trog [*****.]
Gold:   141        SH:  0    Dex: 13    Spells: 0 memorised, 11 levels left

rFire  . . .     SeeInvis .     Y - +4 great sword (antimagic)
rCold  + . .     Gourm    .     H - +2 chain mail {rC+}
rNeg   . . .     Faith    .     (shield currently unavailable)
rPois  .         Spirit   .     (helmet restricted)
rElec  .         Dismiss  .     (no cloak)
rCorr  .         Reflect  .     (no gloves)
SustAt +         Harm     .     (no boots)
MR     +....                    R - amulet of magic regeneration
Stlth  ..........               D - ring of protection from magic
                                t - ring of sustain attributes

@: somewhat resistant to hostile enchantments, extremely unstealthy
A: retaliatory headbutt, horns 2, talons 1, yellow scales 2, deformed body,
screaming 1
a: Berserk, Trog's Hand, Brothers in Arms, Burn Spellbooks, Renounce Religion


You were on level 12 of the Dungeon.
You worshipped Trog.
Trog was extremely pleased with you.
You were not hungry.

You visited 2 branches of the dungeon, and saw 13 of its levels.

You collected 466 gold pieces.
You spent 325 gold pieces at shops.

Inventory:

Hand Weapons
 T - a +2 falchion of holy wrath
 V - a +1 scimitar of flaming
 Y - a +4 antimagic great sword (weapon)
 Z - a +0 blowgun
Missiles
 a - a throwing net
 e - 39 arrows of frost
 f - 74 sling bullets
 j - 19 poisoned arrows
 l - 77 poisoned needles
 n - 240 arrows
 y - 6 poisoned sling bullets
 G - 17 bolts
 J - 24 arrows of dispersal
 N - 3 tomahawks (quivered)
 U - 2 poisoned tomahawks
 W - 7 silver bolts
Armour
 q - a +1 chain mail
 H - a +2 chain mail of cold resistance (worn)
Jewellery
 d - an uncursed ring of stealth
 t - a ring of sustain attributes (left hand)
 D - a ring of protection from magic (right hand)
 F - an uncursed ring of protection from fire
 R - an amulet of magic regeneration (around neck)
Wands
 b - a wand of paralysis (10/24)
 p - a wand of acid (8/15)
 K - a wand of enslavement (10/24)
Scrolls
 h - 3 scrolls of teleportation
 o - 2 scrolls of recharging
 s - 6 scrolls of identify
 w - a scroll of torment {unknown}
 x - 2 scrolls of fog
 C - 2 scrolls of enchant weapon
 O - 2 scrolls of remove curse
 Q - 2 scrolls of magic mapping
Potions
 i - a potion of cancellation
 u - 4 potions of curing
 E - 2 potions of haste
 I - a potion of agility
 M - a potion of brilliance
Books
 k - a book of Fire

   Spells                             Type                      Level
   a - Ignite Poison                  Fire/Transmutation/Poison    3
   b - Fireball                       Conjuration/Fire             5
   c - Bolt of Fire                   Conjuration/Fire             6
   d - Delayed Fireball               Conjuration/Fire             7
   e - Ring of Flames                 Charms/Fire                  7
   Trog disapproves of the use of such an item.
 m - a Necronomicon

   Spells                             Type                      Level
   a - Haunt                          Necromancy/Summoning         7
   b - Borgnjor's Revivification      Necromancy                   8
   c - Death's Door                   Charms/Necromancy            8
   d - Necromutation                  Transmutation/Necromancy     8
   Trog disapproves of the use of such an item.
 r - a book of the Dragon

   Spells                             Type                      Level
   a - Flame Tongue                   Conjuration/Fire             1
   b - Cause Fear                     Hexes                        4
   c - Bolt of Fire                   Conjuration/Fire             6
   d - Dragon Form                    Transmutation                7
   e - Dragon's Call                  Summoning                    9
   Trog disapproves of the use of such an item.
 v - a book of Ice

   Spells                             Type                      Level
   a - Ice Form                       Ice/Transmutation            4
   b - Metabolic Englaciation         Hexes/Ice                    5
   c - Ozocubu's Refrigeration        Ice                          6
   d - Bolt of Cold                   Conjuration/Ice              6
   e - Freezing Cloud                 Conjuration/Ice/Air          6
   f - Simulacrum                     Ice/Necromancy               6
   Trog disapproves of the use of such an item.
 A - a book of Enchantments

   Spells                             Type                      Level
   a - Cause Fear                     Hexes                        4
   b - Yara's Violent Unravelling     Hexes/Transmutation          5
   c - Silence                        Hexes/Air                    5
   d - Deflect Missiles               Charms/Air                   6
   e - Haste                          Charms                       6
   f - Discord                        Hexes                        8
   Trog disapproves of the use of such an item.
 L - a book of Beasts

   Spells                             Type                      Level
   a - Summon Butterflies             Summoning                    1
   b - Call Canine Familiar           Summoning                    3
   c - Summon Ice Beast               Ice/Summoning                4
   d - Summon Mana Viper              Hexes/Summoning              5
   e - Summon Hydra                   Summoning                    7
   Trog disapproves of the use of such an item.
Miscellaneous
 S - a legendary deck of wonders {Dowsing}
Comestibles
 c - 13 bread rations
 g - 5 meat rations
 B - 3 slices of pizza
 P - 5 fruits


   Skills:
 + Level 13.1 Fighting
 + Level 12.9 Long Blades
 + Level 13.1 Armour
 + Level 11.7 Dodging


You had 11 spell levels left.
You didn't know any spells.

Dungeon Overview and Level Annotations

Branches:
Dungeon (12/15)            Temple (0/1) D:4            Lair (1/8) D:9
    Orc (0/2) D:10

Altars:
Pakellas
Qazlal
Trog
Xom

Shops:
D:4 }   D:5 [   D:11 !


Innate Abilities, Weirdness & Mutations

You reflexively headbutt those who attack you in melee.
You have a pair of horns on your head.
You have sharp toenails.
You are mostly covered in yellow scales (AC +3).
Armour fits poorly on your strangely shaped body.
You occasionally shout uncontrollably at your foes.


Message History

You slice the large slime creature!!
You kill the large slime creature!
Trog accepts your kill. The slime creature hits you.
* * * LOW HITPOINT WARNING * * *
The slime creature hits you!
* * * LOW HITPOINT WARNING * * *
There is an open door here.
You hit the slime creature. You claw the slime creature.
Your headbutt misses the slime creature.
The slime creature is moderately wounded.
The slime creature closely misses you.
You hit the slime creature.
The slime creature is moderately wounded.
The slime creature closely misses you.
You slice the slime creature!!
You claw the slime creature, but do no damage.
The slime creature is severely wounded.
The slime creature hits you!
You die...

..##..################
†.##..#..............#
......#..##..........#
......#..##....#.....#
......#..##....#.....#
..#####..............#
..##..#'################
...#........##..#.......
...#........##.J@.......
..##..##....##..#.......
..##..##....##..#.......
......########'############+#####
......#.......>..................
#######.##......#...#....).......
........##...#..#...#........#...
##..##..##...#..#...#........#...
##...........#..#...#........#...


You could see a slime creature.

Vanquished Creatures
  A deep elf annihilator (D:11)
  3 slime creatures (D:12)
  2 hydras (D:12)
  Erica (D:9)
  A death knight (D:11)
  An ogre mage (D:11)
  An unseen horror (D:11)
  4 hill giants
  An ugly thing (D:11)
  2 cyclopes (D:11)
  3 manticores (D:11)
  The ghost of slayr the Destroyer, a novice DEFE of Vehumet (D:6)
  Joseph (D:9)
  2 spiny frogs (D:9)
  A gargoyle (D:11)
  A troll (D:12)
  A blink frog (D:9)
  A spriggan (D:7)
  3 wyverns
  2 hungry ghosts (D:9)
  20 yaks
  2 hippogriffs
  3 vampire mosquitoes (D:12)
  A water moccasin (D:8)
  A swamp drake (D:10)
  A wasp (D:11)
  2 sky beasts
  6 orc warriors
  The ghost of Uhlv the Skirmisher, an amateur HOFi (D:3)
  4 phantoms
  2 ice beasts
  5 ogres
  9 centaurs
  4 big kobolds
  12 giant frogs
  9 scorpions
  A killer bee (D:5)
  5 wights
  5 howler monkeys
  4 crimson imps
  2 centaur zombies
  A quasit (D:11)
  2 giant frog zombies
  2 giant frog skeletons
  5 jellies
  11 orc priests
  2 centaur skeletons
  7 hounds
  2 iguanas
  6 orc wizards
  12 worker ants
  2 killer bee zombies (D:10)
  A worker ant zombie (D:8)
  4 gnolls (D:5)
  12 adders
  3 shadow imps
  4 adder zombies
  3 adder skeletons
  3 worms
  4 giant geckos
  55 orcs
  12 giant cockroaches
  11 hobgoblins
  12 jackals
  3 quokkas
  4 bats
  2 giant gecko skeletons (D:6)
  A giant gecko zombie (D:6)
  3 giant newts (D:2)
  4 goblins
  2 jackal skeletons
  A jackal zombie (D:6)
  23 kobolds
  A quokka skeleton (D:9)
  2 quokka zombies
  7 rats
361 creatures vanquished.

Vanquished Creatures (others)
  A boggart (D:11)
  An orc wizard (D:4)
2 creatures vanquished.

Grand Total: 363 creatures vanquished

Notes
Turn   | Place    | Note
--------------------------------------------------------------
     0 | D:1      | FrancescoMac the Minotaur Berserker began the quest for the Orb.
     0 | D:1      | Reached XP level 1. HP: 19/19 MP: 0/0
   584 | D:1      | Reached XP level 2. HP: 16/27 MP: 1/1
  1062 | D:2      | Reached XP level 3. HP: 33/33 MP: 2/2
  1126 | D:2      | Reached ** piety under Trog
  1800 | D:2      | Gained mutation: You are partially covered in yellow scales (AC +2). [potion of mutation]
  1800 | D:2      | Gained mutation: Your mind is acute. (Int +2) [potion of mutation]
  1800 | D:2      | Gained mutation: You are mostly covered in yellow scales (AC +3). [potion of mutation]
  1845 | D:3      | Noticed Uhlv's ghost (amateur HOFi)
  1850 | D:3      | Killed Uhlv's ghost
  1850 | D:3      | Reached XP level 4. HP: 27/41 MP: 3/3
  1850 | D:3      | Reached XP level 5. HP: 30/47 MP: 4/4
  2130 | D:3      | Found a shimmering altar of Xom.
  2134 | D:3      | Found an oddly glowing altar of Pakellas.
  2139 | D:3      | Found a bloodstained altar of Trog.
  2386 | D:4      | Found a staircase to the Ecumenical Temple.
  2437 | D:4      | Found Gady's Gadget Emporium.
  2472 | D:4      | Reached skill level 5 in Fighting
  2567 | D:4      | Reached XP level 6. HP: 49/56 MP: 5/5
  2606 | D:4      | Reached *** piety under Trog
  2630 | D:4      | Reached skill level 5 in Long Blades
  2630 | D:4      | Reached skill level 5 in Armour
  2649 | D:4      | Found a bloodstained altar of Trog.
  3091 | D:4      | Reached XP level 7. HP: 45/62 MP: 6/6
  3243 | D:4      | Reached skill level 5 in Dodging
  3620 | D:5      | Entered Level 5 of the Dungeon
  4186 | D:5      | Found a runed door.
  4394 | D:5      | Found a runed door.
  4425 | D:5      | Reached **** piety under Trog
  4442 | D:5      | Reached XP level 8. HP: 47/71 MP: 7/7
  4669 | D:5      | Found Yxiloij's Antique Armour Emporium.
  4991 | D:6      | Noticed slayr's ghost (novice DEFE)
  5022 | D:6      | Killed slayr's ghost
  5230 | D:6      | Found a stormy altar of Qazlal.
  5426 | D:6      | Reached XP level 9. HP: 68/81 MP: 8/8
  5430 | D:6      | Gained mutation: You are occasionally teleported next to monsters. [mutagenic meat]
  5434 | D:6      | Gained mutation: You have sharp toenails. [mutagenic meat]
  5435 | D:6      | Lost mutation: You are occasionally teleported next to monsters. [mutagenic meat]
  5436 | D:6      | Gained mutation: You occasionally shout uncontrollably at your foes. [mutagenic meat]
  5437 | D:6      | Lost mutation: Your mind is acute. (Int +2) [mutagenic meat]
  8413 | D:8      | Reached XP level 10. HP: 82/91 MP: 9/9
  8804 | D:9      | Noticed Joseph
  8834 | D:9      | Killed Joseph
  8983 | D:9      | Reached ***** piety under Trog
  8989 | D:9      | Noticed a spiny frog
  8997 | D:9      | Reached skill level 10 in Long Blades
  9004 | D:9      | Killed a spiny frog
  9004 | D:9      | Reached skill level 10 in Armour
  9026 | D:9      | Reached skill level 10 in Fighting
  9088 | D:9      | Noticed Erica
  9101 | D:9      | Killed Erica
  9101 | D:9      | Received a gift from Trog
  9110 | D:9      | Gained mutation: You sometimes yell uncontrollably at your foes. [potion of mutation]
  9110 | D:9      | Gained mutation: You are frail (-10% HP). [potion of mutation]
  9275 | D:9      | Found a staircase to the Lair.
  9595 | D:9      | Noticed a spiny frog
  9603 | D:9      | Killed a spiny frog
 10195 | Lair:1   | Entered Level 1 of the Lair of Beasts
 10247 | D:10     | Entered Level 10 of the Dungeon
 10372 | D:10     | Reached XP level 11. HP: 90/90 MP: 10/10
 10705 | D:10     | Noticed a hill giant
 10716 | D:10     | Killed a hill giant
 11069 | D:10     | Found a staircase to the Orcish Mines.
 11326 | D:11     | Received a gift from Trog
 11661 | D:11     | Noticed a hill giant
 11667 | D:11     | Killed a hill giant
 11867 | D:11     | Noticed a deep elf annihilator
 11867 | D:11     | Noticed an ogre mage
 11870 | D:11     | Noticed a death knight
 11875 | D:11     | Killed a deep elf annihilator
 11875 | D:11     | Reached skill level 10 in Dodging
 11890 | D:11     | Killed a death knight
 11900 | D:11     | Killed an ogre mage
 12832 | D:11     | Noticed a hill giant
 12842 | D:11     | Killed a hill giant
 13549 | D:11     | Killed an unseen horror
 13549 | D:11     | Reached XP level 12. HP: 60/100 MP: 3/11
 14033 | D:11     | Found Vut Qejo's Distillery.
 14177 | D:11     | Gained mutation: Armour fits poorly on your strangely shaped body. [mutagenic meat]
 14401 | D:11     | Bought a potion of cure mutation for 325 gold pieces
 14401 | D:11     | Lost mutation: You are frail (-10% HP). [potion of cure mutation]
 14401 | D:11     | Lost mutation: You sometimes yell uncontrollably at your foes. [potion of cure mutation]
 14578 | D:12     | Noticed an eight-headed hydra
 14588 | D:12     | Killed a three-headed hydra
 15796 | D:12     | Noticed a seven-headed hydra
 15802 | D:12     | Killed a three-headed hydra
 15861 | D:12     | HP: 4/115 [slime creature (12)]
 15864 | D:12     | Mangled by a slime creature

Vault maps used:
D:1:      sevenhm_arrival_forest_fort_small_3, kennysheep_decorative_pillar
D:3:      minmay_overflow_temple_star_quad
D:4:      temple_doors_e, serial_shops, nicolae_shop_crystal, trog_hazing_becter
D:5:      lemuel_insect_pit, first_bread, serial_shops, shop
D:6:      kennysheep_little_box, lightli_sewer_entry_pipes
D:7:      the_bakery
D:9:      dpeg_lair_monsters, uniq_joseph, uniq_erica
D:10:     erik_orc_1, glass_columns_a, serial_bayou_ford_a, grunt_ministairs_2
D:11:     serial_co_window_serial, co_window_cross_1,
          co_window_of_opportunity_a, co_window_of_opportunity_a,
          co_window_of_opportunity_a, co_window_paths_b, co_window_corner_b,
          co_window_broadway_c, co_window_unsneaky_path_a,
          co_window_of_opportunity_b, co_window_corner_b, glass_columns_a,
          serial_shops, shop_fountains, minmay_evil_grid
Lair:1:   lemuel_fruit_tree

Skill      XL: |  1  2  3  4  5  6  7  8  9 10 11 12 |
---------------+-------------------------------------+-----
Fighting       | 4 5 6 7 9 10 12 13 | 13.1
Armour         | 3 4 5 6 7 9 10 12 13 | 13.1
Dodging        | 3 4 5 6 8 9 10 11 | 11.7
Long Blades    | 4 5 6 7 9 10 12 | 12.9

Action                   |  1- 3 |  4- 6 |  7- 9 | 10-12 || total
-------------------------+-------+-------+-------+-------++-------
Melee: Falchion          |    74 |   153 |   453 |   152 ||   832
       Scimitar          |       |       |       |   165 ||   165
       Great sword       |       |       |       |   240 ||   240
 Fire: Blowgun           |       |       |       |     1 ||     1
Invok: Trog's Hand       |       |       |       |     1 ||     1
  Use: Scroll            |     7 |       |     8 |     5 ||    20
       Potion            |     3 |       |     7 |     7 ||    17
 Stab: Distracted        |     1 |       |       |       ||     1
       Confused          |       |       |       |     1 ||     1
  Eat: Chunk             |     3 |     4 |    13 |    22 ||    42
       Beef jerky        |       |       |     2 |     6 ||     8
       Royal jelly       |       |       |     1 |       ||     1
       Bread ration      |       |       |     1 |       ||     1
       Fruit             |       |       |       |     3 ||     3
       Pizza             |       |       |       |     1 ||     1
